 Dungeon Crawl Stone Soup version 0.30.0-29-ga12c61a403 (webtiles) character file.

Game seed: 4043451352358202779

19175 monsoonserge the Frost Mage (level 12, -4/92 HPs)
             Began as a Gnoll Ice Elementalist on June 24, 2023.
             Was a Priest of Vehumet.
             Slain by an anaconda simulacrum (7 damage)
             ... in an ice cave.
             The game lasted 01:12:48 (14768 turns).

monsoonserge the Frost Mage (GnIE)                 Turns: 14768, Time: 01:12:49

Health: -4/92      AC: 11    Str:  7    XL:     12   Next: 66%
Magic:  18/25      EV: 18    Int: 26    God:    Vehumet [***...]
Gold:   761        SH: 13    Dex: 17    Spells: 5/29 levels left

rFire   + . .        b - +3 scimitar (flame)
rCold   + + .        t - +2 buckler {rC+}
rNeg    . . .        R - +1 robe {rC+ rF+}
rPois   .            (no helmet)
rElec   .            u - +1 cloak of the Sun {Int+6 Dex+4 Stlth-}
rCorr   .            (no gloves)
SInv    .            i - +0 pair of boots
Will    .....        s - amulet of reflection
Stlth   +++          A - +5 ring of evasion
HPRegen 0.35/turn    E - +4 ring of protection
MPRegen 0.19/turn

%: reflection
@: about to teleport, constricted
A: fangs 1, strong nose, distributed training
a: Renounce Religion


You were in an ice cave.
You worshipped Vehumet.
Vehumet was most pleased with you.
You visited 3 branches of the dungeon, and saw 14 of its levels.
You also visited: Sewer and Ice Cave.

You collected 761 gold pieces.

Inventory:

Hand Weapons
 b - a +3 scimitar of flaming (weapon)
Missiles
 f - 2 javelins
 k - a throwing net
 B - 6 silver javelins
 F - 34 poisoned darts (quivered)
 G - 23 boomerangs
Armour
 d - a +0 troll leather armour
 i - a +0 pair of boots (worn)
 t - a +2 buckler of cold resistance (worn)
 u - the +1 cloak of the Sun (worn) {Int+6 Dex+4 Stlth-}
   (You found it on level 2 of the Dungeon)

   Int:       It affects your intelligence (+6).
   Dex:       It affects your dexterity (+4).
   Stlth:     It makes you less stealthy.
 R - a +1 robe of resistance (worn)
 Y - a +0 robe of positive energy
Jewellery
 o - a ring of positive energy
 s - an amulet of reflection (around neck)
 x - a ring of protection from cold
 A - a +5 ring of evasion (left hand)
 C - a ring of poison resistance
 D - a ring of protection from fire
 E - a +4 ring of protection (right hand)
 T - a ring of willpower
Wands
 p - a wand of acid (10)
 L - a wand of flame (7)
 Q - a wand of digging (13)
 V - a wand of charming (2)
Scrolls
 a - a scroll of torment {unknown}
 c - 3 scrolls of noise {unknown}
 e - 7 scrolls of fog
 h - 6 scrolls of teleportation
 l - a scroll of acquirement {unknown}
 n - 4 scrolls of magic mapping
 q - 2 scrolls of poison {unknown}
 v - 2 scrolls of fear {unknown}
 K - 2 scrolls of blinking {unknown}
 M - 3 scrolls of enchant armour
 S - a scroll of brand weapon {unknown}
 U - a scroll of vulnerability {unknown}
 W - a scroll of amnesia {unknown}
 Z - a scroll of enchant weapon {unknown}
Potions
 g - a potion of attraction {unknown}
 j - 7 potions of might
 m - a potion of flight {unknown}
 r - a potion of invisibility {unknown}
 w - 7 potions of curing
 y - 2 potions of degeneration {unknown}
 z - 2 potions of lignification {unknown}
 H - 4 potions of heal wounds
 I - 2 potions of cancellation {unknown}
 J - 2 potions of magic
 N - 5 potions of haste
 O - a potion of resistance
 P - a potion of brilliance {unknown}
 X - 2 potions of mutation {unknown}


   Skills:
 + Level 7.8 Fighting
 + Level 7.8 Short Blades
 + Level 7.8 Long Blades
 + Level 7.8 Axes
 + Level 7.8 Maces & Flails
 + Level 7.8 Polearms
 + Level 7.8 Staves
 + Level 7.8 Ranged Weapons
 + Level 7.8 Throwing
 + Level 7.8 Armour
 + Level 9.1 Dodging
 + Level 8.9 Stealth
 + Level 7.8 Shields
 + Level 7.8 Unarmed Combat
 + Level 9.3 Spellcasting
 + Level 6.4 Conjurations
 + Level 6.4 Hexes
 + Level 6.4 Summonings
 + Level 6.4 Necromancy
 + Level 6.4 Translocations
 + Level 6.4 Transmutations
 + Level 6.4 Fire Magic
 + Level 9.7 Ice Magic
 + Level 6.4 Air Magic
 + Level 6.4 Earth Magic
 + Level 6.4 Poison Magic
 + Level 8.5 Invocations
 + Level 7.8 Evocations


You had 5 spell levels left.
You knew the following spells:

 Your Spells              Type           Power      Damage    Failure   Level
a - Freeze                Ice            100%       1d10      1%          1
b - Frozen Ramparts       Ice            100%       1d16      1%          3
c - Ozocubu's Armour      Ice            58%        N/A       1%          3
d - Mephitic Cloud        Conj/Pois/Air  45%        N/A       1%          3
e - Summon Ice Beast      Ice/Summ       53%        N/A       2%          4
f - Teleport Other        Tloc           45%        N/A       1%          3
g - Ignite Poison         Fire/Tmut/Pois 45%        N/A       1%          3
h - Olgreb's Toxic Radia  Pois           45%        N/A       1%          4

Your spell library contained the following spells:

 Spells                   Type           Power      Damage    Failure   Level
 Volatile Blastmotes      Fire/Tloc      90%        2d17      1%          3
 Beastly Appendage        Tmut           90%        N/A       1%          1
 Foxfire                  Conj/Fire      100%       2x1d9     1%          1
 Kiss of Death            Conj/Necr      100%       2d13      1%          1
 Sandblast                Erth           90%        2d19      1%          1
 Sting                    Tmut/Pois      100%       1d8       1%          1
 Cigotuvi's Dreadful Rot  Necr/Pois/Air  90%        N/A       1%          2
 Poisonous Vapours        Pois/Air       90%        N/A       1%          2
 Scorch                   Fire           90%        2d8       1%          2
 Confusing Touch          Hex            45%        N/A       1%          3
 Gell's Gravitas          Tloc           45%        N/A       1%          3
 Flame Wave               Conj/Fire      45%        2d12      1%          4
 Ice Form                 Ice/Tmut       53%        N/A       2%          4
 Freezing Cloud           Conj/Ice/Air   25%        6-21      2%          5
 Anguish                  Hex/Necr       22%        N/A       4%          4
 Dispel Undead            Necr           45%        3d17      4%          4
 Agony                    Necr           45%        N/A       14%         5
 Dispersal                Tloc           22%        N/A       61%         6
 Summon Cactus Giant      Summ           22%        N/A       61%         6
 Borgnjor's Revivificati  Necr           22%        N/A       100%        8
 Infestation              Necr           22%        N/A       100%        8


Dungeon Overview and Level Annotations

Branches:
Dungeon (12/15)            Temple (1/1) D:4            Lair (1/5) D:9
    Orc (0/2) D:10          Sewer (visited)           IceCv (1/1)

Altars:
Ashenzari
Cheibriados
Dithmenos
Elyvilon
Fedhas
Gozag
Hepliaklqana
Kikubaaqudgha
Makhleb
Nemelex Xobeh
Okawaru
Qazlal
Ru
Sif Muna
Trog
Uskayaw
Vehumet
Wu Jian
Xom
Yredelemnul
Zin
The Shining One

Shops:
D:1 *   D:8 *


Innate Abilities, Weirdness & Mutations

You have very sharp teeth.
Your uncanny sense of smell can sniff out nearby items.
Your experience applies equally to all skills.


Message History

The anaconda simulacrum bites your ice beast!
Your ice beast dies!
Your ice beast disappears in a puff of smoke!
Vehumet accepts your kill.
You feel your power returning.
You feel a bit more experienced.
Casting: Ignite Poison (safe; 1% risk of failure)
Confirm with . or Enter, or press ? or * to list all spells.
A chill wind blows around you.
The reaper hits you from afar with a +2 scythe of freezing.
* * * LOW HITPOINT WARNING * * *
The anaconda simulacrum grabs you.
You block the anaconda simulacrum's attack.
The anaconda simulacrum constricts you.
* * * LOW HITPOINT WARNING * * *
Unknown command.
You closely miss the anaconda simulacrum.
The anaconda simulacrum is lightly damaged.
The anaconda simulacrum bites you but does no damage.
The anaconda simulacrum constricts you.
* * * LOW HITPOINT WARNING * * *
You block the reaper's attack.
You block the anaconda simulacrum's attack.
The anaconda simulacrum constricts you.
* * * LOW HITPOINT WARNING * * *
Your ice beast hits the anaconda simulacrum.
Your ice beast freezes the anaconda simulacrum.
The anaconda simulacrum completely resists.
Okay, then.
As you read the scroll of teleportation, it crumbles to dust.
You feel strangely unstable.
The anaconda simulacrum barely misses you.
The anaconda simulacrum constricts you.
* * * LOW HITPOINT WARNING * * *
The reaper hits you from afar with a +2 scythe of freezing!
* * * LOW HITPOINT WARNING * * *
The reaper freezes you.
* * * LOW HITPOINT WARNING * * *
Your ice beast misses the anaconda simulacrum.
The anaconda simulacrum bites you!
You die...

#~~#≈≈≈≈≈##
##~~≈≈≈≈≈≈#
##~~≈≈≈≈≈≈#
#.#≈≈≈≈≈≈≈# ∆
##.#≈≈≈≈≈≈## ∆∆
#.##≈≈≈≈≈≈### ∆∆
#.##≈≈#≈≈##Y##
∆∆∆
#..#≈##≈##.Z2##
∆∆∆
#..######.@#..#
∆
#...#.#.#.###Z.#
#...#..#..#
.ZZ..
##...##..##
#......
##..###.# .....#
##.##.## #....#
#..##.# ....#
##.##.## #..##
##..##.##


You could see a reaper, an anaconda simulacrum (ally target) and a friendly ice
beast (summoned).

Vanquished Creatures
  Erica (D:9)
  3 two-headed ogres
  3 manticores
  Joseph (D:7)
  3 kobold demonologists (D:11)
  An ice statue (IceCv)
  2 anaconda simulacra (IceCv)
  4 trolls
  A hornet (D:10)
  4 slime creatures (D:12)
  27 yaks
  A shadow (D:9)
  2 wyverns
  2 dire elephant simulacra (IceCv)
  A steam dragon (D:7)
  4 death yak simulacra (IceCv)
  A hydra simulacrum (IceCv)
  2 wargs
  2 acid dragons
  3 water moccasins
  Duvessa (D:5)
  An ice beast (D:7)
  4 orc warriors
  A sky beast (D:7)
  A sky beast (shapeshifter) (D:10)
  An ogre (D:6)
  7 centaurs
  3 kobold brigands
  3 bullfrogs
  3 gnoll sergeants
  3 scorpions
  7 two-headed ogre simulacra (IceCv)
  Dowan (D:5)
  15 killer bees
  2 elephant simulacra (IceCv)
  A nameless horror (D:12)
  4 electric eels
  4 howler monkeys
  2 quasits
  2 jellies (D:5)
  2 gnoll boudas
  6 orc priests
  4 iguanas
  10 orc wizards
  5 troll simulacra (IceCv)
  3 polar bear simulacra
  6 spriggan simulacra (IceCv)
  A wolf simulacrum (IceCv)
  21 gnolls
  14 adders
  7 naga simulacra (IceCv)
  2 river rats (Sewer)
  2 shadow imps
  6 white imps
  13 ufetubi
  2 worms
  3 dart slugs
  80 orcs
  9 endoplasms
  6 giant cockroaches
  5 goblins
  12 hobgoblins
  7 jackals
  9 quokkas
  8 ball pythons
  7 bats
  5 frilled lizards
  A goblin skeleton (D:5)
  A jackal skeleton (D:5)
  17 kobolds
  14 rats
422 creatures vanquished.

Vanquished Creatures (collateral kills)
  A water moccasin (Lair:1)
  A centaur (D:10)
  A two-headed ogre simulacrum (IceCv)
  A killer bee (D:9)
  A gnoll bouda (D:9)
  2 gnolls (D:9)
  2 orcs
9 creatures vanquished.

Grand Total: 431 creatures vanquished

Notes
Turn   | Place    | Note
-------+----------+-------------------------------------------
     0 | D:1      | monsoonserge the Gnoll Ice Elementalist began the quest for
                  | the Orb.
     0 | D:1      | Reached XP level 1. HP: 13/13 MP: 6/6
   108 | D:1      | Reached XP level 2. HP: 19/19 MP: 7/7
   120 | D:1      | Found Oqetipt's General Store.
   519 | D:1      | Reached skill level 5 in Spellcasting
   519 | D:1      | Reached XP level 3. HP: 24/25 MP: 6/9
   528 | D:1      | Learned a level 3 spell: Frozen Ramparts
   532 | D:1      | Learned a level 3 spell: Ozocubu's Armour
   891 | D:2      | Identified the +0 robe of the Harp {rN+ Int-4 Slay+3 SInv}
   974 | D:2      | Reached skill level 1 in Invocations
  1203 | D:2      | Found a faded altar of an unknown god.
  1295 | D:2      | Reached skill level 1 in Fighting
  1295 | D:2      | Reached skill level 1 in Short Blades
  1295 | D:2      | Reached skill level 1 in Long Blades
  1295 | D:2      | Reached skill level 1 in Axes
  1295 | D:2      | Reached skill level 1 in Maces & Flails
  1295 | D:2      | Reached skill level 1 in Polearms
  1295 | D:2      | Reached skill level 1 in Staves
  1295 | D:2      | Reached skill level 1 in Ranged Weapons
  1295 | D:2      | Reached skill level 1 in Throwing
  1295 | D:2      | Reached skill level 1 in Armour
  1295 | D:2      | Reached skill level 1 in Shields
  1295 | D:2      | Reached skill level 1 in Unarmed Combat
  1295 | D:2      | Reached skill level 1 in Evocations
  1301 | D:2      | Identified the +1 cloak of the Sun {Int+6 Dex+4 Stlth-}
  1642 | D:3      | Reached XP level 4. HP: 32/32 MP: 11/11
  1758 | D:3      | Reached skill level 1 in Conjurations
  1758 | D:3      | Reached skill level 1 in Hexes
  1758 | D:3      | Reached skill level 1 in Summonings
  1758 | D:3      | Reached skill level 1 in Necromancy
  1758 | D:3      | Reached skill level 1 in Translocations
  1758 | D:3      | Reached skill level 1 in Transmutations
  1758 | D:3      | Reached skill level 1 in Fire Magic
  1758 | D:3      | Reached skill level 1 in Air Magic
  1758 | D:3      | Reached skill level 1 in Earth Magic
  1758 | D:3      | Reached skill level 1 in Poison Magic
  2187 | D:3      | Reached XP level 5. HP: 37/37 MP: 10/12
  2698 | D:4      | Found a shimmering blue altar of Sif Muna.
  2844 | D:4      | Found a staircase to the Ecumenical Temple.
  2852 | D:4      | Reached XP level 6. HP: 44/44 MP: 10/14
  2871 | Temple   | Entered the Ecumenical Temple
  3168 | D:4      | Found a snail-covered altar of Cheibriados.
  3259 | D:4      | Reached skill level 5 in Dodging
  3989 | D:5      | Entered Level 5 of the Dungeon
  4242 | D:5      | Found an iron altar of Okawaru.
  4246 | D:5      | Found a runed translucent door.
  4246 | D:5      | Noticed a human
  4247 | D:5      | Noticed Dowan
  4247 | D:5      | Noticed Duvessa
  4254 | D:5      | Killed Dowan
  4254 | D:5      | Killed Duvessa
  4255 | D:5      | Reached XP level 7. HP: 51/51 MP: 9/15
  4255 | D:5      | Found a basalt altar of Yredelemnul.
  4624 | D:6      | Reached skill level 5 in Stealth
  4687 | D:6      | Found a glowing drain.
  4747 | Sewer    | Entered a sewer
  5220 | Sewer    | Reached XP level 8. HP: 51/58 MP: 16/16
  5687 | D:6      | You fall into a shaft and drop 3 floors!
  5706 | D:9      | Noticed a troll
  5837 | D:7      | Noticed Joseph
  5851 | D:7      | Killed Joseph
  5947 | D:7      | Learned a level 3 spell: Mephitic Cloud
  5952 | D:7      | Learned a level 4 spell: Summon Ice Beast
  6055 | D:7      | Reached XP level 9. HP: 65/65 MP: 15/18
  6234 | D:7      | Got First Steps in the Histories of Mysteries
  6271 | D:7      | Got the Disquisition on Exhumation
  7051 | D:6      | Learned a level 3 spell: Teleport Other
  7076 | D:6      | Reached skill level 5 in Invocations
  7977 | D:8      | Found Wucig's Serpentskin Sales.
  8137 | D:8      | Reached skill level 5 in Fighting
  8137 | D:8      | Reached skill level 5 in Short Blades
  8137 | D:8      | Reached skill level 5 in Long Blades
  8137 | D:8      | Reached skill level 5 in Axes
  8137 | D:8      | Reached skill level 5 in Maces & Flails
  8137 | D:8      | Reached skill level 5 in Polearms
  8137 | D:8      | Reached skill level 5 in Staves
  8137 | D:8      | Reached skill level 5 in Ranged Weapons
  8137 | D:8      | Reached skill level 5 in Throwing
  8137 | D:8      | Reached skill level 5 in Armour
  8137 | D:8      | Reached skill level 5 in Shields
  8137 | D:8      | Reached skill level 5 in Unarmed Combat
  8137 | D:8      | Reached skill level 5 in Evocations
  8137 | D:8      | Reached XP level 10. HP: 74/74 MP: 11/20
  8385 | D:8      | Found a white marble altar of Elyvilon.
  9105 | D:9      | Found a staircase to the Lair.
  9436 | D:9      | Noticed Erica
  9445 | D:9      | Killed Erica
 10138 | D:10     | Entered Level 10 of the Dungeon
 10334 | D:10     | Reached skill level 5 in Conjurations
 10334 | D:10     | Reached skill level 5 in Hexes
 10334 | D:10     | Reached skill level 5 in Summonings
 10334 | D:10     | Reached skill level 5 in Necromancy
 10334 | D:10     | Reached skill level 5 in Translocations
 10334 | D:10     | Reached skill level 5 in Transmutations
 10334 | D:10     | Reached skill level 5 in Fire Magic
 10334 | D:10     | Reached skill level 5 in Air Magic
 10334 | D:10     | Reached skill level 5 in Earth Magic
 10334 | D:10     | Reached skill level 5 in Poison Magic
 10490 | D:10     | Reached XP level 11. HP: 81/81 MP: 20/22
 10692 | D:9      | Learned a level 3 spell: Ignite Poison
 10742 | D:10     | Found a hazy altar of Hepliaklqana.
 10822 | D:10     | Found a blossoming altar of Fedhas.
 10959 | D:10     | Found a radiant altar of Vehumet.
 10983 | D:10     | Became a worshipper of Vehumet
 10989 | D:10     | Learned a level 4 spell: Olgreb's Toxic Radiance
 11139 | D:10     | Found a staircase to the Orcish Mines.
 11856 | D:11     | Noticed a two-headed ogre
 11866 | D:11     | Killed a two-headed ogre
 11951 | D:11     | Reached * piety under Vehumet
 11951 | D:11     | Offered knowledge of Shock by Vehumet.
 12125 | D:11     | Noticed a manticore
 12135 | D:11     | Killed a manticore
 12634 | D:12     | Noticed a manticore
 12716 | D:12     | Noticed a two-headed ogre
 12722 | D:12     | Killed a two-headed ogre
 12723 | D:12     | Reached XP level 12. HP: 91/91 MP: 7/24
 12978 | D:12     | Noticed a two-headed ogre
 12986 | D:12     | Killed a two-headed ogre
 13670 | Lair:1   | Entered Level 1 of the Lair of Beasts
 13697 | Lair:1   | Got the Secrets of Transfiguration and the Undead
 13731 | Lair:1   | Found a frozen archway.
 13751 | IceCv    | Entered an ice cave
 13770 | IceCv    | Reached ** piety under Vehumet
 13772 | IceCv    | Offered knowledge of Static Discharge by Vehumet.
 14315 | IceCv    | Offered knowledge of Dazzling Flash by Vehumet.
 14452 | IceCv    | Reached *** piety under Vehumet
 14752 | IceCv    | Noticed a reaper
 14763 | IceCv    | Offered knowledge of Volatile Blastmotes by Vehumet.
 14768 | IceCv    | HP: 4/92 [reaper/+2 scythe of freezing (16)]
 14768 | IceCv    | Slain by an anaconda simulacrum

Illustrated notes

Levels and vault maps discovered:
D:1:      dpeg_arrival_orchard, layout_basic, serial_shops, shop,
          kennysheep_boxes
D:2:      minmay_diamond_boxcup, layout_basic, basic_ecumenical_altar
D:3:      layout_loops_ring
D:4:      layout_layer_cave, nicolae_sif_muna_little_library,
          mainiacjoe_overflow_chevrons, minmay_temple_entry_large_hall,
          hangedman_decor_clover_reticule
D:5:      layout_rooms, okawaru_metal_pillars_1_2, dk_yredelemnul_ordeal,
          chequers_jeans, kennysheep_generic_room_8, uniq_duvessa
D:6:      layout_layer_cave, gup_sewer_entry_pipe
D:7:      layout_rooms, nrook_pool_corridor, uniq_joseph
D:8:      layout_rooms, nicolae_elyvilon_peaceful_grove, serial_demonic,
          serial_demonic_d, serial_demonic_f, serial_demonic_f,
          serial_demonic_g, serial_demonic_g, serial_demonic_d,
          guppyfry_shop_venom
D:9:      layout_layer_cave, erik_lair_orcish_takeover, uniq_erica
D:10:     layout_rooms, nicolae_vehumet_altar_sigil, grunt_temple_overflow_open,
          hiddenorc2_lemuel, serial_rivers, chequers_serial_rivers_marsh,
          chequers_serial_rivers_micro_e, chequers_serial_rivers_large_a,
          chequers_serial_rivers_large_b
D:11:     layout_basic, st_stairs_10
D:12:     layout_rooms
Temple:   eino_narrow_crystal_temple
Lair:1:   layout_regular_city, nicolae_volcano_entry_batcave,
          portal_ice_cave_entry_ice_simulacra
IceCv:    ice_cave_caverns_02

Skill      XL: |  1  2  3  4  5  6  7  8  9 10 11 12 |
---------------+-------------------------------------+-----
Spellcasting   | 5 6 7 8 9 |  9.3
Invocations    | 1 2 3 4 5 6 7 8 |  8.5
Fighting       | 1 2 3 5 6 7 |  7.8
Short Blades   | 1 2 3 5 6 7 |  7.8
Long Blades    | 1 2 3 5 6 7 |  7.8
Axes           | 1 2 3 5 6 7 |  7.8
Maces & Flails | 1 2 3 5 6 7 |  7.8
Polearms       | 1 2 3 5 6 7 |  7.8
Staves         | 1 2 3 5 6 7 |  7.8
Ranged Weapons | 1 2 3 5 6 7 |  7.8
Throwing       | 1 2 3 5 6 7 |  7.8
Armour         | 1 2 3 5 6 7 |  7.8
Shields        | 1 2 3 5 6 7 |  7.8
Unarmed Combat | 1 2 3 5 6 7 |  7.8
Evocations     | 1 2 3 5 6 7 |  7.8
Conjurations   | 1 2 3 4 5 6 |  6.4
Hexes          | 1 2 3 4 5 6 |  6.4
Summonings     | 1 2 3 4 5 6 |  6.4
Necromancy     | 1 2 3 4 5 6 |  6.4
Translocations | 1 2 3 4 5 6 |  6.4
Transmutations | 1 2 3 4 5 6 |  6.4
Fire Magic     | 1 2 3 4 5 6 |  6.4
Air Magic      | 1 2 3 4 5 6 |  6.4
Earth Magic    | 1 2 3 4 5 6 |  6.4
Poison Magic   | 1 2 3 4 5 6 |  6.4
Dodging        | 5 6 7 8 9 |  9.1
Stealth        | 5 6 7 8 |  8.9
Ice Magic      | 8 9 |  9.7

Action                     |  1- 3 |  4- 6 |  7- 9 | 10-12 || total
---------------------------+-------+-------+-------+-------++-------
  Melee: Dagger            |    68 |       |       |       ||    68
         Short sword       |    19 |    21 |       |       ||    40
         Bite              |     5 |     8 |    18 |    47 ||    78
         Punch             |     2 |     2 |     4 |       ||     8
         Whip              |       |    55 |       |       ||    55
         Hand axe          |       |    11 |   146 |    81 ||   238
         Scimitar          |       |       |       |   230 ||   230
   Fire: Shortbow          |       |       |    45 |       ||    45
  Throw: Dart              |       |       |     8 |     2 ||    10
   Cast: Freeze            |    25 |     8 |    13 |     1 ||    47
         Frozen Ramparts   |     2 |    15 |    38 |    48 ||   103
         Ozocubu's Armour  |     1 |     2 |     6 |    24 ||    33
         Summon Ice Beast  |       |       |     1 |    14 ||    15
         Mephitic Cloud    |       |       |       |    30 ||    30
         Ignite Poison     |       |       |       |    25 ||    25
         Olgreb's Toxic Ra |       |       |       |    12 ||    12
    Use: Scroll            |       |       |       |     9 ||     9
   Stab: Sleeping          |     9 |     1 |     1 |     2 ||    13
         Distracted        |       |     1 |       |     2 ||     3
         Confused          |       |       |       |     3 ||     3
 Armour: Robe              |    36 |       |    21 |    41 ||    98
         Leather armour    |     4 |    21 |    24 |       ||    49
         Troll leather arm |       |       |       |     8 ||     8
  Dodge: Dodged            |    62 |    34 |   139 |   223 ||   458
  Block: Other             |     5 |    17 |    26 |       ||    48
         Reflection        |       |     1 |     6 |    12 ||    19
         Buckler           |       |       |    57 |   249 ||   306
